TOP OF THE 1ST |
Milwaukee (NYP) Brewers batting - Pitching for Los Angeles (NYP) Dodgers : RHP Isidro Aguirre
|
Pitching: RHP Isidro Aguirre
|
|
Batting: LHB Rick Campbell
|
0-0: Bunt for hit to 2R - play at first, batter OUT! 2-3
|
Batting: RHB Hector Silva
|
0-0: Foul Ball, location: 2F 0-1: Ball 1-1: Foul Ball, location: 2F 1-2: SINGLE (Line Drive, 9S, EV 96.2 MPH)
|
Batting: LHB Adam Hill
|
0-0: Called Strike 0-1: Ball 1-1: Called Strike 1-2: Ball 2-2: Ball 3-2: Strikes out looking
|
Batting: LHB Tyler Francis
|
0-0: Ball Hector Silva steals 2nd base (no throw) 1-0: Ball 2-0: Ball 3-0: Called Strike 3-1: Base on Balls
|
Batting: LHB Jason Raker
|
0-0: Foul Ball, location: 2F 0-1: Fly out, F8 (Flyball, 8LXD, EV 107.5 MPH)
|
Top of the 1st over - 0 runs, 1 hit, 0 errors, 2 left on base; Milwaukee (NYP) 0 - Los Angeles (NYP) 0 |
BOTTOM OF THE 1ST |
Los Angeles (NYP) Dodgers batting - Pitching for Milwaukee (NYP) Brewers : RHP Corey Pierce
|
Pitching: RHP Corey Pierce
|
|
Batting: LHB Tony Morales
|
0-0: Called Strike 0-1: Ball 1-1: Ground out 4-3 (Groundball, 4S, EV 91.9 MPH)
|
Batting: RHB Ruben Serrata
|
0-0: Ball 1-0: Ball 2-0: Fly out, F8 (Flyball, 8RM, EV 85.6 MPH)
|
Batting: LHB Robin More
|
0-0: Ball 1-0: Swinging Strike 1-1: Called Strike 1-2: Foul Ball, location: 2F 1-2: Ball 2-2: Ground out 6-3 (Groundball, 6, EV 83.8 MPH)
|
Bottom of the 1st over - 0 runs, 0 hits, 0 errors, 0 left on base; Milwaukee (NYP) 0 - Los Angeles (NYP) 0 |
TOP OF THE 2ND |
Milwaukee (NYP) Brewers batting - Pitching for Los Angeles (NYP) Dodgers : RHP Isidro Aguirre
|
Batting: RHB Chris Maul
|
0-0: Foul Ball, location: 2F 0-1: Ball 1-1: Swinging Strike 1-2: Strikes out swinging
|
Batting: SHB Aaron Neill
|
0-0: Ball 1-0: Ball 2-0: Foul Ball, location: 2F 2-1: Swinging Strike 2-2: Foul Ball, location: 2F 2-2: Ball 3-2: Foul Ball, location: 2F 3-2: Foul Ball, location: 2F 3-2: Strikes out looking
|
Batting: RHB Dusty Bates
|
0-0: Ground out 5-3 (Groundball, 56, EV 86.9 MPH)
|
Top of the 2nd over - 0 runs, 0 hits, 0 errors, 0 left on base; Milwaukee (NYP) 0 - Los Angeles (NYP) 0 |
BOTTOM OF THE 2ND |
Los Angeles (NYP) Dodgers batting - Pitching for Milwaukee (NYP) Brewers : RHP Corey Pierce
|
Batting: SHB Justin Toth
|
0-0: Called Strike 0-1: SINGLE (Line Drive, 89M, EV 88.1 MPH)
|
Batting: RHB Shinji Aizawa
|
0-0: Fly out, F7 (Flyball, 78S, EV 77.5 MPH)
|
Batting: RHB Daniel Samano
|
0-0: Swinging Strike 0-1: Ball 1-1: Called Strike Justin Toth steals 2nd base 1-2: Ball 2-2: Ball 3-2: Foul Ball, location: 2F 3-2: Base on Balls
|
Batting: RHB Dave Cordero
|
0-0: Called Strike 0-1: Grounds into double play, 6-4-3 (Groundball, 6, EV 103.1 MPH)
|
Bottom of the 2nd over - 0 runs, 1 hit, 0 errors, 1 left on base; Milwaukee (NYP) 0 - Los Angeles (NYP) 0 |
TOP OF THE 3RD |
Milwaukee (NYP) Brewers batting - Pitching for Los Angeles (NYP) Dodgers : RHP Isidro Aguirre
|
Batting: RHB Dustin Hartman
|
0-0: Foul Ball, location: 2F 0-1: Ball 1-1: Ground out 5-3 (Groundball, 5S, EV 82.5 MPH)
|
Batting: LHB Rick Campbell
|
0-0: Foul Ball, location: 2F 0-1: Ball 1-1: Ball 2-1: Ball 3-1: Fly out, F8 (Flyball, 8LD, EV 91.9 MPH)
|
Batting: RHB Hector Silva
|
0-0: Swinging Strike 0-1: Ball 1-1: Foul Ball, location: 2F 1-2: Strikes out swinging
|
Top of the 3rd over - 0 runs, 0 hits, 0 errors, 0 left on base; Milwaukee (NYP) 0 - Los Angeles (NYP) 0 |
BOTTOM OF THE 3RD |
Los Angeles (NYP) Dodgers batting - Pitching for Milwaukee (NYP) Brewers : RHP Corey Pierce
|
Batting: LHB Jose Mojica
|
0-0: Ball 1-0: Ball 2-0: Called Strike 2-1: Swinging Strike 2-2: Ball 3-2: Strikes out swinging
|
Batting: RHB Jonathan Underhill
|
0-0: Called Strike 0-1: Ball 1-1: Swinging Strike 1-2: Ball 2-2: SINGLE (Groundball, 4MD, EV 95.0 MPH)
|
Batting: LHB Tony Morales
|
0-0: Ball Jonathan Underhill steals 2nd base 1-0: Called Strike Jonathan Underhill steals 3rd base 1-1: SINGLE (Line Drive, 8LS, EV 87.5 MPH) Jonathan Underhill scores
|
Batting: RHB Ruben Serrata
|
0-0: Ball 1-0: Called Strike 1-1: Ball 2-1: Fielders Choice at 2nd, 5-4 (Groundball, 5S, EV 86.9 MPH)
|
Batting: LHB Robin More
|
0-0: Called Strike Ruben Serrata steals 2nd base 0-1: Ball 1-1: Called Strike 1-2: Ball 2-2: Ball 3-2: SINGLE (Flyball, 56D, EV 95.0 MPH) Ruben Serrata to third Runner from 3rd tries for Home, SAFE, throw by LF to home
|
Batting: SHB Justin Toth
|
0-0: Ball 1-0: Swinging Strike 1-1: Foul Ball, location: 2F 1-2: Ball 2-2: Fly out, F8 (Line Drive, 8RM, EV 91.9 MPH)
|
Bottom of the 3rd over - 2 runs, 3 hits, 0 errors, 1 left on base; Milwaukee (NYP) 0 - Los Angeles (NYP) 2 |
TOP OF THE 4TH |
Milwaukee (NYP) Brewers batting - Pitching for Los Angeles (NYP) Dodgers : RHP Isidro Aguirre
|
Batting: LHB Adam Hill
|
0-0: Ball 1-0: Called Strike 1-1: Called Strike 1-2: Strikes out looking
|
Batting: LHB Tyler Francis
|
0-0: Called Strike 0-1: Called Strike 0-2: Ball 1-2: Foul Ball, location: 2F 1-2: Strikes out swinging
|
Batting: LHB Jason Raker
|
0-0: Ball 1-0: Ball 2-0: Foul Ball, location: 2F 2-1: Fly out, F8 (Flyball, 8LS, EV 90.0 MPH)
|
Top of the 4th over - 0 runs, 0 hits, 0 errors, 0 left on base; Milwaukee (NYP) 0 - Los Angeles (NYP) 2 |
BOTTOM OF THE 4TH |
Los Angeles (NYP) Dodgers batting - Pitching for Milwaukee (NYP) Brewers : RHP Corey Pierce
|
Batting: RHB Shinji Aizawa
|
0-0: Ball 1-0: Foul Ball, location: 2F 1-1: DOUBLE (Line Drive, 9LD, EV 107.5 MPH)
|
Batting: RHB Daniel Samano
|
0-0: Ball 1-0: Ball 2-0: Foul Ball, location: 2F 2-1: Ball 3-1: Swinging Strike 3-2: Foul Ball, location: 2F 3-2: Strikes out looking
|
Batting: RHB Dave Cordero
|
0-0: Called Strike 0-1: Foul Ball, location: 2F 0-2: Ball 1-2: Foul Ball, location: 2F 1-2: Fly out, F6 (Line Drive, 6, EV 63.1 MPH) Lined into DP, 6-4 (Line Drive, 6, EV 65.0 MPH)
|
Bottom of the 4th over - 0 runs, 1 hit, 0 errors, 0 left on base; Milwaukee (NYP) 0 - Los Angeles (NYP) 2 |
TOP OF THE 5TH |
Milwaukee (NYP) Brewers batting - Pitching for Los Angeles (NYP) Dodgers : RHP Isidro Aguirre
|
Batting: RHB Chris Maul
|
0-0: Ball 1-0: Called Strike 1-1: Called Strike 1-2: Ball 2-2: Foul Ball, location: 2F 2-2: Ball 3-2: SINGLE (Groundball, 6M, EV 98.1 MPH)
|
Batting: SHB Aaron Neill
|
0-0: Called Strike 0-1: Called Strike Chris Maul steals 2nd base 0-2: Ball 1-2: Ball 2-2: Strikes out swinging
|
Batting: RHB Dusty Bates
|
0-0: Ball 1-0: Ball 2-0: Called Strike 2-1: Ball 3-1: Foul Ball, location: 2F 3-2: Foul Ball, location: 2F 3-2: Foul Ball, location: 2F 3-2: Fly out, F8 (Flyball, 8LD, EV 90.0 MPH) Runner from 2nd tags up, SAFE at 3rd with throw by CF
|
Batting: RHB Dustin Hartman
|
0-0: Called Strike 0-1: Ball 1-1: Ball 2-1: Ball 3-1: Fly out, F4 (Popup, 4D, EV 48.1 MPH)
|
Top of the 5th over - 0 runs, 1 hit, 0 errors, 1 left on base; Milwaukee (NYP) 0 - Los Angeles (NYP) 2 |
BOTTOM OF THE 5TH |
Los Angeles (NYP) Dodgers batting - Pitching for Milwaukee (NYP) Brewers : RHP Corey Pierce
|
Batting: LHB Jose Mojica
|
0-0: Ball 1-0: Called Strike 1-1: Ball 2-1: Foul Ball, location: 2F 2-2: Foul Ball, location: 2F 2-2: Foul Ball, location: 2F 2-2: Strikes out swinging
|
Batting: RHB Jonathan Underhill
|
0-0: Swinging Strike 0-1: Ball 1-1: Foul Ball, location: 2F 1-2: Ball 2-2: DOUBLE (Flyball, 78XD, EV 95.6 MPH)
|
Batting: LHB Tony Morales
|
0-0: Ball 1-0: Ball 2-0: Ball 3-0: Called Strike 3-1: Base on Balls
|
Pitching: RHP Alejandro Souto
|
|
Batting: RHB Ruben Serrata
|
0-0: Swinging Strike 0-1: Called Strike 0-2: Ball 1-2: Strikes out looking
|
Batting: LHB Robin More
|
0-0: Called Strike 0-1: Called Strike 0-2: Ball 1-2: Fly out, F8 (Flyball, 8LM, EV 95.0 MPH)
|
Bottom of the 5th over - 0 runs, 1 hit, 0 errors, 2 left on base; Milwaukee (NYP) 0 - Los Angeles (NYP) 2 |
TOP OF THE 6TH |
Milwaukee (NYP) Brewers batting - Pitching for Los Angeles (NYP) Dodgers : RHP Isidro Aguirre
|
Batting: LHB Rick Campbell
|
0-0: Ball 1-0: Called Strike 1-1: Ball 2-1: Foul Ball, location: 2F 2-2: Strikes out swinging
|
Batting: RHB Hector Silva
|
0-0: Fly out, F8 (Flyball, 8LD, EV 96.9 MPH)
|
Batting: LHB Adam Hill
|
0-0: Called Strike 0-1: Ball 1-1: Called Strike 1-2: Ball 2-2: Ground out 5-3 (Groundball, 56, EV 77.5 MPH)
|
Top of the 6th over - 0 runs, 0 hits, 0 errors, 0 left on base; Milwaukee (NYP) 0 - Los Angeles (NYP) 2 |
BOTTOM OF THE 6TH |
Los Angeles (NYP) Dodgers batting - Pitching for Milwaukee (NYP) Brewers : RHP Alejandro Souto
|
Batting: SHB Justin Toth
|
0-0: Called Strike 0-1: Called Strike 0-2: Strikes out swinging
|
Batting: RHB Shinji Aizawa
|
0-0: Called Strike 0-1: Called Strike 0-2: Ball 1-2: Ground out 6-3 (Groundball, 6, EV 87.5 MPH)
|
Batting: RHB Daniel Samano
|
0-0: Foul Ball, location: 2F 0-1: Foul Ball, location: 2F 0-2: Ball 1-2: Foul Ball, location: 2F 1-2: Ball 2-2: Foul Ball, location: 2F 2-2: Ball 3-2: Base on Balls
|
Batting: RHB Dave Cordero
|
0-0: Called Strike 0-1: Called Strike Daniel Samano steals 2nd base 0-2: Fly out, F9 (Line Drive, 9S, EV 85.0 MPH)
|
Bottom of the 6th over - 0 runs, 0 hits, 0 errors, 1 left on base; Milwaukee (NYP) 0 - Los Angeles (NYP) 2 |
TOP OF THE 7TH |
Milwaukee (NYP) Brewers batting - Pitching for Los Angeles (NYP) Dodgers : RHP Isidro Aguirre
|
Pitching: LHP Cesar Vargas
|
|
Batting: LHB Tyler Francis
|
0-0: Ball 1-0: Ball 2-0: Foul Ball, location: 2F 2-1: Foul Ball, location: 2F 2-2: DOUBLE (Flyball, 78D, EV 105.0 MPH)
|
Batting: LHB Jason Raker
|
0-0: Fly out, F8 (Flyball, 8LD, EV 90.0 MPH)
|
Pitching: LHP Elliot Ziemba
|
|
Batting: RHB Chris Maul
|
0-0: Ball 1-0: Ground out 6-3 (Groundball, 6, EV 85.6 MPH)
|
Batting: SHB Aaron Neill
|
0-0: Called Strike 0-1: Foul Ball, location: 2F 0-2: Fly out, F7 (Flyball, 7S, EV 93.1 MPH)
|
Top of the 7th over - 0 runs, 1 hit, 0 errors, 1 left on base; Milwaukee (NYP) 0 - Los Angeles (NYP) 2 |
BOTTOM OF THE 7TH |
Los Angeles (NYP) Dodgers batting - Pitching for Milwaukee (NYP) Brewers : RHP Alejandro Souto
|
Pitching: LHP Paul Schumacher
|
|
Batting: LHB Jose Mojica
|
0-0: Fly out, F5 (Popup, 25F, EV 79.4 MPH)
|
Batting: RHB Jonathan Underhill
|
0-0: Ball 1-0: TRIPLE (Line Drive, 8RXD, EV 103.1 MPH)
|
Batting: LHB Tony Morales
|
0-0: Foul Ball, location: 2F 0-1: Swinging Strike 0-2: SINGLE (Groundball, 34, EV 83.8 MPH) (infield hit) Jonathan Underhill scores
|
Batting: RHB Ruben Serrata
|
0-0: Called Strike 0-1: Ball 1-1: Called Strike 1-2: Foul Ball, location: 2F 1-2: SINGLE (Line Drive, 9LS, EV 104.4 MPH) Tony Morales to second
|
Batting: LHB Robin More
|
0-0: Called Strike 0-1: Foul Ball, location: 2F 0-2: Strikes out swinging
|
Batting: SHB Justin Toth
|
0-0: Ball 1-0: Foul Ball, location: 2F 1-1: Fielders Choice at 2nd, 6-4 (Groundball, 6, EV 81.2 MPH)
|
Bottom of the 7th over - 1 run, 3 hits, 0 errors, 2 left on base; Milwaukee (NYP) 0 - Los Angeles (NYP) 3 |
TOP OF THE 8TH |
Milwaukee (NYP) Brewers batting - Pitching for Los Angeles (NYP) Dodgers : LHP Elliot Ziemba
|
Batting: RHB Dusty Bates
|
0-0: Foul Ball, location: 2F 0-1: Ball 1-1: Ball 2-1: Ball 3-1: Base on Balls
|
Batting: RHB Dustin Hartman
|
0-0: Ball Wild Pitch! Dusty Bates to second 1-0: Swinging Strike 1-1: Swinging Strike 1-2: Ball 2-2: Fly out, F8 (Flyball, 8LM, EV 88.8 MPH)
|
Pinch Hitting: RHB Chris Riddel
|
0-0: Called Strike 0-1: Fly out, F3 (Popup, 3S, EV 66.9 MPH)
|
Batting: RHB Hector Silva
|
0-0: Called Strike 0-1: Ball 1-1: Ball 2-1: Ball 3-1: Called Strike 3-2: Strikes out swinging
|
Top of the 8th over - 0 runs, 0 hits, 0 errors, 1 left on base; Milwaukee (NYP) 0 - Los Angeles (NYP) 3 |
BOTTOM OF THE 8TH |
Los Angeles (NYP) Dodgers batting - Pitching for Milwaukee (NYP) Brewers : LHP Paul Schumacher
|
Now at 2B: Raymond Young
|
|
Batting: RHB Shinji Aizawa
|
0-0: Ground out 5-3 (Groundball, 56, EV 93.1 MPH)
|
Batting: RHB Daniel Samano
|
0-0: Hit by Pitch
|
Batting: RHB Dave Cordero
|
0-0: Ball 1-0: Ball 2-0: Called Strike 2-1: Called Strike 2-2: Fielders Choice at 2nd, 5-4 (Groundball, 56S, EV 91.2 MPH)
|
Batting: LHB Jose Mojica
|
0-0: Swinging Strike 0-1: Ball 1-1: Ball 2-1: SINGLE (Groundball, 4M, EV 86.2 MPH) (infield hit) Dave Cordero to second
|
Batting: RHB Jonathan Underhill
|
0-0: Foul Ball, location: 2F 0-1: Ball 1-1: Swinging Strike 1-2: Fielders Choice at 2nd, 6-4 (Groundball, 6, EV 86.9 MPH)
|
Bottom of the 8th over - 0 runs, 1 hit, 0 errors, 2 left on base; Milwaukee (NYP) 0 - Los Angeles (NYP) 3 |
TOP OF THE 9TH |
Milwaukee (NYP) Brewers batting - Pitching for Los Angeles (NYP) Dodgers : LHP Elliot Ziemba
|
Pitching: RHP Jose Guajardo
|
|
Batting: LHB Adam Hill
|
0-0: Foul Ball, location: 2F 0-1: Ball 1-1: Ground out 1-3 (Groundball, 13, EV 73.8 MPH)
|
Batting: LHB Tyler Francis
|
0-0: Ball 1-0: Called Strike 1-1: Called Strike 1-2: Ground out U3 (Groundball, 3L, EV 86.2 MPH)
|
Batting: LHB Jason Raker
|
0-0: Swinging Strike 0-1: Ball 1-1: Ball 2-1: Fly out, F7 (Flyball, 7D, EV 107.5 MPH)
|
Top of the 9th over - 0 runs, 0 hits, 0 errors, 0 left on base; Milwaukee (NYP) 0 - Los Angeles (NYP) 3 |
|